 Dungeon Crawl Stone Soup version 0.28-a0-1555-g9ae15a6949 (webtiles) character file.

Game seed: 5475734121727653990

258 zazu2006 the Magician (level 6, -2/50 HPs)
             Began as a Naga Hedge Wizard on Jan 19, 2022.
             Slain by an ogre (16 damage)
             ... on level 4 of the Dungeon.
             The game lasted 00:06:10 (4712 turns).

zazu2006 the Magician (Naga Hedge Wizard)           Turns: 4712, Time: 00:06:11

Health: -2/50      AC:  3    Str: 18    XL:     6   Next: 16%
Magic:  2/13       EV:  9    Int: 16    God:
Gold:   38         SH:  0    Dex: 11    Spells: 5/14 levels left

rFire   . . .      SeeInvis +   t - +0 falchion
rCold   . . .      Faith    .   (no shield)
rNeg    . . .      Spirit   .   n - +0 leather armour
rPois   +          Reflect  .   c - +0 hat
rElec   .          Harm     .   (no cloak)
rCorr   .          Rampage  .   (no gloves)
Will    .....                   (no barding)
Stlth   ++........              (no amulet)
HPRegen 0.16/turn               d - +6 ring of strength
MPRegen 0.13/turn               (no ring)

@: very slightly contaminated, very slow
A: AC +2, large, see invisible, deformed body, poison resistance, slowness 2,
spit poison 1, naga tail 1
a: Spit Poison


You were on level 4 of the Dungeon.
You visited 1 branch of the dungeon, and saw 4 of its levels.

You collected 122 gold pieces.
You spent 84 gold pieces at shops.

Inventory:

Hand Weapons
 t - a +0 falchion (weapon)
Armour
 c - a +0 hat (worn)
 e - a +0 buckler
 n - a +0 leather armour (worn)
Jewellery
 d - a +6 ring of strength (left hand)
Wands
 i - a wand of digging (4)
 q - a wand of iceblast (8)
Scrolls
 a - a scroll of teleportation {unknown}
 f - a scroll of fog {unknown}
 g - a scroll of noise {unknown}
 k - 2 scrolls of identify {unknown}
 m - a scroll of amnesia {unknown}
Potions
 h - 2 potions of curing {unknown}
 j - a potion of brilliance {unknown}
 l - a potion of lignification {unknown}
 o - a potion of resistance {unknown}
 p - 2 potions of might {unknown}
 r - a potion of degeneration
 s - a potion of heal wounds


   Skills:
 + Level 0.3 Fighting
 + Level 2.2 Dodging
 + Level 3.3 Stealth
 * Level 1.8 Shields
 + Level 4.7 Spellcasting
 + Level 2.3 Conjurations
 + Level 1.0 Summonings
 + Level 1.0 Translocations
 * Level 1.0 Poison Magic


You had 5 spell levels left.
You knew the following spells:

 Your Spells              Type           Power      Damage    Failure   Level
a - Magic Dart            Conj           44%        1d5       7%          1
b - Mephitic Cloud        Conj/Pois/Air  7%         N/A       34%         3
c - Conjure Flame         Conj/Fire      7%         6-21      34%         3
d - Blink                 Tloc           14%        N/A       19%         2

Your spell library contained the following spells:

 Spells                   Type           Power      Damage    Failure   Level
 Foxfire                  Conj/Fire      28%        2x1d5     12%         1
 Slow                     Hex            12%        N/A       19%         1
 Call Imp                 Summ           7%         N/A       19%         2
 Inner Flame              Hex/Fire       3%         N/A       50%         3
 Flame Wave               Conj/Fire      7%         2d4       75%         4


Dungeon Overview and Level Annotations

Branches:
Dungeon (4/15)
 Temple: D:4-7

Altars:
Gozag
Wu Jian

Shops:
D:3 !

Annotations:
D:3 3 runed translucent doors, mordus's ghost, amateur FoFi


Innate Abilities, Weirdness & Mutations

Your serpentine skin is tough. (AC +2)
You have supernaturally acute eyesight. (SInv)
Armour fits poorly on your strangely shaped body.
Your system is resistant to poisons. (rPois)
You cover ground very slowly.
You can spit poison.
You have a snake-like lower body.


Message History

Aiming: Magic Dart (safe; 7% risk of failure)
Press: ? - help, Shift-Dir - straight line, f - ogre
Aim: an ogre, wielding a +0 giant club (asleep, 100% to hit)
The magic dart hits the ogre but does no damage.
Casting: Magic Dart (safe; 7% risk of failure)
Confirm with . or Enter, or press ? or * to list all spells.
Aiming: Magic Dart (safe; 7% risk of failure)
Press: ? - help, Shift-Dir - straight line, f/p - ogre
Aim: an ogre, wielding a +0 giant club (100% to hit)
The magic dart hits the ogre.
The ogre is lightly wounded.
Casting: Magic Dart (safe; 7% risk of failure)
Confirm with . or Enter, or press ? or * to list all spells.
The spell is quite dangerous to miscast (34% risk of failure)!
Continue anyway?
Aiming: Mephitic Cloud (quite dangerous; 34% risk of failure)
Press: ? - help, Shift-Dir - straight line, f/p - ogre
Aim: an ogre, wielding a +0 giant club (lightly wounded, chance to affect: 77%)
You miscast Mephitic Cloud.
You are very lightly contaminated with residual magic.
Nothing appears to happen.
Okay, then.
Casting: Mephitic Cloud (quite dangerous; 34% risk of failure)
Confirm with . or Enter, or press ? or * to list all spells.
The spell is quite dangerous to miscast (34% risk of failure)!
Continue anyway?
Aiming: Mephitic Cloud (quite dangerous; 34% risk of failure)
Press: ? - help, Shift-Dir - straight line, f/p - ogre
Aim: an ogre, wielding a +0 giant club (lightly wounded, chance to affect: 77%)
You miscast Mephitic Cloud.
Nothing appears to happen.
The ogre hits you with a +0 giant club!!
Unknown command.
Casting: Mephitic Cloud (quite dangerous; 34% risk of failure)
Confirm with . or Enter, or press ? or * to list all spells.
The spell is quite dangerous to miscast (34% risk of failure)!
Continue anyway?
Aiming: Mephitic Cloud (quite dangerous; 34% risk of failure)
Press: ? - help, Shift-Dir - straight line, f/p - ogre
Aim: an ogre, wielding a +0 giant club (lightly wounded, chance to affect: 77%)
You miscast Mephitic Cloud.
You feel a sudden electric shock!
* * * LOW HITPOINT WARNING * * *
The ogre hits you with a +0 giant club!
You die...

..<..............
..#####.#†####.####
. ........# .#
.#......# .#
##(....# .####
##....####....#
##.#....#.#..#
####........#
##.#@O...#
####.#..# ## .#


You could see an ogre.

Vanquished Creatures
  A scorpion (D:2)
  Jessica (D:2)
  2 orc wizards (D:2)
  2 adders (D:3)
  A gnoll (D:1)
  4 worms
  3 dart slugs (D:3)
  2 orcs (D:2)
  5 ball pythons
  7 endoplasms
  3 giant cockroaches
  6 hobgoblins
  12 jackals
  4 quokkas
  2 bats
  2 frilled lizards
  4 goblins
  7 kobolds
  5 rats
73 creatures vanquished.

Notes
Turn   | Place    | Note
-------+----------+-------------------------------------------
     0 | D:1      | zazu2006 the Naga Hedge Wizard began the quest for the Orb.
     0 | D:1      | Reached XP level 1. HP: 15/15 MP: 4/4
   472 | D:1      | Reached XP level 2. HP: 22/22 MP: 3/6
   932 | D:1      | HP: 1/22 [gnoll (2)]
   934 | D:1      | Reached XP level 3. HP: 1/28 MP: 2/8
  1806 | D:2      | Noticed a scorpion
  1815 | D:2      | Killed a scorpion
  1816 | D:2      | Reached skill level 1 in Shields
  1816 | D:2      | Reached skill level 4 in Spellcasting
  1816 | D:2      | Reached XP level 4. HP: 32/36 MP: 3/10
  1879 | D:2      | Noticed Jessica
  1883 | D:2      | Killed Jessica
  1884 | D:2      | Reached XP level 5. HP: 42/42 MP: 7/11
  2110 | D:2      | Found an ornate altar of the Wu Jian Council.
  3043 | D:2      | Learned a level 3 spell: Mephitic Cloud
  3047 | D:2      | Learned a level 3 spell: Conjure Flame
  3050 | D:2      | Learned a level 2 spell: Blink
  3401 | D:3      | Found a runed translucent gate.
  3402 | D:3      | Found a runed translucent gate.
  3403 | D:3      | Found a runed translucent gate.
  3404 | D:3      | Found an opulent altar of Gozag.
  3405 | D:3      | Noticed mordus's ghost (amateur FoFi)
  3406 | D:3      | Noticed a phantom
  3413 | D:3      | Reached skill level 1 in Poison Magic
  3465 | D:3      | Found a faded altar of an unknown god.
  3630 | D:3      | Reached XP level 6. HP: 50/50 MP: 5/12
  3886 | D:3      | Found Zate's Distillery.
  3894 | D:3      | Bought a potion of degeneration for 14 gold pieces
  3894 | D:3      | Bought a potion of heal wounds for 70 gold pieces
  4712 | D:4      | Slain by an ogre

Illustrated notes

Levels and vault maps discovered:
D:1:      wander_arrival_chamber, layout_loops_ring, st_stairs_3
D:2:      layout_loops_ring, basic_altar, kennysheep_path_1, uniq_jessica
D:3:      layout_basic, serial_shops, shop, ebering_ghost_gozag,
          basic_ecumenical_altar, grunt_ministairs_11
D:4:      layout_basic, nicolae_figureground_pulse

Skill      XL: |  1  2  3  4  5 |
---------------+----------------+-----
Dodging        | 2 |  2.2
Shields        | 1 |  1.8
Spellcasting   | 4 |  4.7
Conjurations   | 2 |  2.3
Poison Magic   | 1 |  1.0
Fighting       | |  0.3
Stealth        | |  3.3
Summonings     | |  1.0
Translocations | |  1.0

Action                   |  1- 3 |  4- 6 || total
-------------------------+-------+-------++-------
Melee: Dagger            |     4 |       ||     4
 Cast: Magic Dart        |    66 |   157 ||   223
 Abil: Spit Poison       |    11 |     9 ||    20
Armor: Robe              |     2 |     2 ||     4
       Leather armour    |       |     7 ||     7
Dodge: Dodged            |    20 |     6 ||    26

Table legend: (Time is in decaauts)
 A = Elapsed time spent in this place.
 B = Non-inter-level travel time spent in this place.
 C = Inter-level travel time spent in this place.
 D = Time resting spent in this place.
 E = Time spent auto-exploring this place.
 F = Levels seen in this place.
 G = Mean time per level.
                   A        B        C        D        E       F      G
               +--------+--------+--------+--------+--------+-----+--------+
         Total |   5506 |   5403 |    103 |     20 |   4872 |   4 | 1376.5 |
       Dungeon |   5506 |   5403 |    103 |     20 |   4872 |   4 | 1376.5 |
               +--------+--------+--------+--------+--------+-----+--------+

Top non-repeatable levels by time:
     D:1: 2043 daAuts
     D:3: 1724 daAuts
     D:2: 1517 daAuts
     D:4: 221 daAuts
